[Event "***Titled Tuesday 3|2 Blitz"]
[Site "Chess.com"]
[Date "2017.02.07"]
[Round "9"]
[White "Dale"]
[Black "vellottiwizard"]
[Result "0-1"]
[WhiteElo "1993"]
[BlackElo "2509"]
[TimeControl "180+2"]
[EndTime "15:10:27 PST"]
[Termination "vellottiwizard won by checkmate"]

1. h4 e5 2. g4 d5 3. d4 exd4 4. Nf3 c5 5. c4 dxc4 6. Bg2 Nc6 7. Qa4 Qa5+ 8. Qxa5 Nxa5 9. Bd2 Nc6 10.
Na3 Bxg4 11. Nxc4 Nf6 12. Nfe5 Be6 13. Nxc6 Bxc4 14. Ne5 Bd5 15. Rg1 Bxg2 16. Rxg2 g6 17. Rc1 Bd6 18. Nc4 Be7 19. Bg5 Nd7 20. h5 Rc8 21. h6 Rc6 22. Bxe7 Kxe7 23. Kd2 b5 24. Na3 a6 25. Rh1 f5 26. Nc2 Nf6 27. f3 Rd8 28. a3 Nd5 29. Ne1 c4 30. Nc2 Re6 31.
Nxd4 Nf4 32. Kc3 Nxg2 33. Nxe6 Kxe6 34. Kb4 Nf4 35. a4 Rd2 36. a5 Kd5 37. Ka3 Nxe2 38. b4 c3 39. Rh4 c2 40. Rd4+ Nxd4 41. f4 c1=Q# 0-1

[Event "***Titled Tuesday 3|2 Blitz"]
[Site "Chess.com"]
[Date "2017.02.07"]
[Round "9"]
[White "mrkvoz"]
[Black "TomsKantans"]
[Result "1-0"]
[WhiteElo "2621"]
[BlackElo "2519"]
[TimeControl "180+2"]
[EndTime "15:11:06 PST"]
[Termination "mrkvoz won by resignation"]

1. e4 c5 2. Nc3 Nc6 3. Bb5 Qc7 4.
Nf3 Nf6 5. d3 a6 6. Bxc6 Qxc6 7.
O-O d6 8. Bg5 Bg4 9. h3 Bxf3 10.
Qxf3 Nd7 11. Qg3 e6 12. Rae1 h6 13. Be3 O-O-O 14. d4 cxd4 15. Bxd4 Rg8 16. Qf3 f6 17. Qg4 Re8 18. Qg6 Ne5 19. Qg3 Be7 20. f4 Nd7 21. f5 Bd8 22. fxe6 Rxe6 23. Nd5 Kb8 24. c4 Qxc4 25. Qf2 Nc5 26. Rc1 Qb5 27. b4 1-0

[Event "***Titled Tuesday 3|2 Blitz"]
[Site "Chess.com"]
[Date "2017.02.07"]
[Round "9"]
[White "pastouche06"]
[Black "gmwesley_so"]
[Result "0-1"]
[WhiteElo "2335"]
[BlackElo "2740"]
[TimeControl "180+2"]
[EndTime "15:11:20 PST"]
[Termination "gmwesley_so won by resignation"]

1. d4 e6 2. c4 f5 3. Nf3 Nf6 4. Nc3 Bb4 5. Qb3 a5 6. a3 Be7 7. g3 O-O 8. Bg2 d5 9. O-O c6 10. Bf4 Nbd7 11. cxd5 exd5 12. Ne5 Nxe5 13. Bxe5 Nd7 14. Bxd5+ cxd5 15. Nxd5 Kh8 16. Nc7 Nxe5 17. Nxa8 Qxd4 18. Nc7 Qe4 19. Rfe1 f4 20. Qd5 Qxd5 21.
Nxd5 fxg3 22. hxg3 Bc5 23. Nf4 g5 24. Nd3 Nxd3 25.
exd3 Bxf2+ 26. Kg2 Bxe1 27. Rxe1 Kg7 28. Re7+ Rf7 29.
Re5 Rf5 30. Re7+ Kg6 31. Rc7 Rf8 32. Rc5 Bf5 33. g4 Bxg4 34. Rxa5 h5 35. Rb5 h4 36.
Rxb7 Bf3+ 0-1

[Event "***Titled Tuesday 3|2 Blitz"]
[Site "Chess.com"]
[Date "2017.02.07"]
[Round "9"]
[White "Sethu0025"]
[Black "Vegan4future"]
[Result "1-0"]
[WhiteElo "2560"]
[BlackElo "2412"]
[TimeControl "180+2"]
[EndTime "15:11:30 PST"]
[Termination "Sethu0025 won by resignation"]

1. e4 Nc6 2. d4 d5 3. e5 f6 4.
exf6 exf6 5. Nf3 Bd6 6. Bd3 Nge7 7. O-O O-O 8. Re1 Bg4 9. c3 Qd7 10. Nbd2 Rae8 11. h3 Bf5 12. Nf1 Ng6 13. Be3 a6 14. Qc2 Bxd3 15. Qxd3 Nf4 16. Qd2 Nxh3+ 17. gxh3 Qxh3 18.
N3h2 Re4 19. f3 Rh4 20. Qg2 Qd7 21. Kh1 Ne7 22. Bf2 Rh6 23. Bg3 Bxg3 24. Nxg3 Ng6 25. Re3 Nf4 26. Qf2 f5 27. Rae1 Nh3 28. Qg2 f4 29. Re7 Qb5 30. Nf5 Rg6 31. Rxg7+ Kh8 32. Rxg6 hxg6 1-0

[Event "***Titled Tuesday 3|2 Blitz"]
[Site "Chess.com"]
[Date "2017.02.07"]
[Round "9"]
[White "scenicregal"]
[Black "Saitama_Hero"]
[Result "0-1"]
[WhiteElo "1863"]
[BlackElo "2046"]
[TimeControl "180+2"]
[EndTime "15:11:39 PST"]
[Termination "Saitama_Hero won by resignation"]

1. e4 d6 2. d4 g6 3. Nf3 Bg7 4.
Bc4 Nf6 5. Qe2 O-O 6. h3 d5 7. exd5 Nxd5 8. O-O Nb6 9. Bb3 Nc6 10. c3 a5 11. Na3 a4 12. Bc2 Re8 13. Rd1 Bd7 14. d5 Na5 15. Ne5 e6 16. Nxd7 Qxd7 17. dxe6 Rxe6 18. Qg4 Qe7 19. Bg5 Bf6 20. Bh6 Re8 21. Kh2 Be5+ 22. g3 Bd6 23. Nb5 Re2 24. Rd2 Rxd2 25.
Bxd2 Qe2 26. Qd4 Qxb5 27. f4 Re2+ 0-1

[Event "***Titled Tuesday 3|2 Blitz"]
[Site "Chess.com"]
[Date "2017.02.07"]
[Round "9"]
[White "WanderingPuppet"]
[Black "oskariot"]
[Result "0-1"]
[WhiteElo "2317"]
[BlackElo "2495"]
[TimeControl "180+2"]
[EndTime "15:11:40 PST"]
[Termination "oskariot won by checkmate"]

1. e4 g6 2. d4 Bg7 3. c4 d6 4.
Nc3 Nf6 5. Be2 O-O 6. g4 c5 7. d5 e5 8. h4 Ne8 9. h5 Nd7 10. h6 Bh8 11. Be3 f6 12. Qd2 a6 13.
f3 Rb8 14. Nh3 Nc7 15. a4 Rf7 16. Nf2 Nf8 17. Nd3 f5 18. gxf5 gxf5 19. Rg1+ Ng6 20.
exf5 Bxf5 21. Ne4 Bxe4 22. fxe4 Qh4+ 23. Nf2 Rbf8 24. O-O-O Rxf2 25. Qe1 Qh2 26. Bxf2 Rxf2 27. Bd3 Bf6 28. Kb1 Rxb2+ 29. Kc1 Ra2 30. Bb1 Qb2# 0-1

[Event "***Titled Tuesday 3|2 Blitz"]
[Site "Chess.com"]
[Date "2017.02.07"]
[Round "9"]
[White "IMJonathanCarlstedt"]
[Black "biostatistician"]
[Result "1-0"]
[WhiteElo "2448"]
[BlackElo "2486"]
[TimeControl "180+2"]
[EndTime "15:11:49 PST"]
[Termination "IMJonathanCarlstedt won by resignation"]

1. c4 Nf6 2. g3 g6 3. Bg2 Bg7 4. Nc3 O-O 5. e4 c5 6. Nge2 Nc6 7. a3 d6 8. Rb1 Ng4 9. d3 Nd4 10. O-O b6 11. Nxd4 Bxd4 12. h3 Ne5 13. Ne2 Bb7 14. Nxd4 cxd4 15. Bh6 Re8 16. f4 Nd7 17. Qf3 f5 18.
Qf2 Qc7 19. Qxd4 Qc5 20. Qxc5 Nxc5 21. exf5 Bxg2 22. Kxg2 gxf5 23. Rfd1 a5 24. g4 Kf7 25. Kf3 e6 26. Bg5 a4 27. Bh4 Rab8 28. Bf2 Nb3 29.
d4 Rec8 30. c5 dxc5 31. dxc5 Nxc5 32. Rd6 Ne4 33. Rd7+ Kg6 34. Bd4 Nd2+ 35. Kg3 Nxb1 36. Rg7+ Kh6 37. Kh4 fxg4 38. hxg4 1-0

[Event "***Titled Tuesday 3|2 Blitz"]
[Site "Chess.com"]
[Date "2017.02.07"]
[Round "9"]
[White "macko06"]
[Black "wonderfultime"]
[Result "0-1"]
[WhiteElo "2378"]
[BlackElo "2637"]
[TimeControl "180+2"]
[EndTime "15:11:51 PST"]
[Termination "wonderfultime won by resignation"]

1. d4 d5 2. Bf4 Nf6 3. e3 e6 4.
Nf3 Bd6 5. Bg3 O-O 6. Bd3 b6 7. O-O Bb7 8. Nbd2 Nbd7 9. Qe2 Ne4 10. c3 Nxg3 11. hxg3 e5 12. dxe5 Be7 13. e4 Nc5 14. Bc2 Ba6 15. c4 d4 16. b4 d3 17. Qe3 dxc2 18. bxc5 Bxc5 19. Qc3 Qd7 20. Qxc2 Qe6 21. Nb3 Ba3 22. Rfd1 Qxc4 23. Qxc4 Bxc4 24. Rd7 Rac8 25.
Nbd4 Rfe8 26. Nf5 Be6 27. Rd3 Bc5 28. N5d4 Rcd8 29. Rad1 Bxa2 30. Ra1 Bc4 31. Rc3 Bxd4 0-1

[Event "***Titled Tuesday 3|2 Blitz"]
[Site "Chess.com"]
[Date "2017.02.07"]
[Round "9"]
[White "ABDELAZEEZ-M"]
[Black "kikydu96"]
[Result "0-1"]
[WhiteElo "2118"]
[BlackElo "2337"]
[TimeControl "180+2"]
[EndTime "15:12:00 PST"]
[Termination "kikydu96 won by resignation"]

1. d4 d5 2. Nf3 Nf6 3. Bf4 c5 4. c3 Nc6 5. e3 Qb6 6. Qb3 c4 7. Qc2 Bf5 8. Qc1 e6 9. Be2 h6 10. O-O Be7 11. Nbd2 Nh5 12. Bg3 Nxg3 13. fxg3 O-O 14. e4 dxe4 15. Nxc4 Qc7 16. Nfd2 Bg5 17. Qe1 b5 18. Na3 b4 19. Nb5 Qb6 20. Nd6 Nxd4 21. Nxf5 Nf3+ 22. Kh1 Nxe1 23. Nc4 Qc5 24. Nxh6+ Bxh6 25. Raxe1 bxc3 26. bxc3 Rac8 27. Rb1 Rfd8 28. Rfe1 Bd2 29.
Rf1 Bxc3 30. Rb7 Rc7 31. Rb3 Bf6 32. h3 a5 33. a4 Qd5 34. Rb5 Rxc4 35. Rxd5 exd5 36.
Bxc4 dxc4 37. Rf4 c3 38. Rxe4 c2 39. Rc4 Rd1+ 40. Kh2 c1=Q 41. Rxc1 Rxc1 0-1

[Event "***Titled Tuesday 3|2 Blitz"]
[Site "Chess.com"]
[Date "2017.02.07"]
[Round "9"]
[White "EltajSafarli"]
[Black "pedromartinez91"]
[Result "1/2-1/2"]
[WhiteElo "2847"]
[BlackElo "2345"]
[TimeControl "180+2"]
[EndTime "15:12:04 PST"]
[Termination "Game drawn by repetition"]

1. e4 e6 2. d4 d5 3. Nd2 Nf6 4. e5 Ne4 5. Nxe4 dxe4 6. Be3 c5 7.
dxc5 Nd7 8. Ne2 Bxc5 9. Bxc5 Nxc5 10. Qxd8+ Kxd8 11. Nc3 Ke7 12. O-O-O Nd7 13. Nxe4 Nxe5 14.
Be2 Bd7 15. f4 Ng6 16. g3 Bc6 17. Bf3 Rhd8 18. Ng5 Bxf3 19. Nxf3 Rac8 20. c3 Nf8 21.
Kc2 Nd7 22. Rd2 Nc5 23. Rhd1 Rxd2+ 24. Rxd2 f6 25. Re2 a6 26. Re3 Kd6 27. Re2 g6 28. Re3 Rc7 29. Re2 Rc8 30. Re1 Rc7 31. Rd1+ Ke7 32.
Re1 Kd6 33. Rd1+ Ke7 34. Re1 Kd6 35. Rd1+ Ke7 36. Re1 Kd6 1/2-1/2

[Event "***Titled Tuesday 3|2 Blitz"]
[Site "Chess.com"]
[Date "2017.02.07"]
[Round "9"]
[White "FelixBlohberger"]
[Black "MumLookatMeNow"]
[Result "1-0"]
[WhiteElo "2143"]
[BlackElo "2241"]
[TimeControl "180+2"]
[EndTime "15:12:30 PST"]
[Termination "FelixBlohberger won by resignation"]

1. Nf3 Nf6 2. c4 g6 3. Nc3 Bg7 4. e4 d6 5. d4 O-O 6. Be2 e5 7. O-O Nc6 8. dxe5 dxe5 9. Bg5 Qe8 10. Nd5 Nxd5 11. cxd5 Nd4 12. Rc1 c6 13. Nxd4 exd4 14.
dxc6 bxc6 15. Qc2 h6 16. Bh4 Bb7 17. Bd3 Rc8 18. Bg3 Qe6 19. Qc4 Rfd8 20. Qxe6 fxe6 21. Rc5 Kf7 22. Rfc1 Bf8 23. Ra5 c5 24. Rxa7 Rd7 25. Bb5 Re7 26. Bd6 Bxe4 27. Bxe7 Bxe7 28. Re1 Bd5 29. b3 Kf6 30. f4 Bd6 31. g3 g5 32.
fxg5+ hxg5 33. Rf1+ Kg6 34. Bd3+ Kh5 35. Rh7+ Kg4 36.
Be2+ 1-0

[Event "***Titled Tuesday 3|2 Blitz"]
[Site "Chess.com"]
[Date "2017.02.07"]
[Round "9"]
[White "ftorodent"]
[Black "Kacparov"]
[Result "0-1"]
[WhiteElo "2534"]
[BlackElo "2592"]
[TimeControl "180+2"]
[EndTime "15:12:32 PST"]
[Termination "Kacparov won by resignation"]

1. d4 d6 2. Nf3 g6 3. c4 Bg7 4.
Bg5 Nd7 5. Nc3 h6 6. Bh4 c5 7. e3 Ngf6 8. Be2 O-O 9. O-O b6 10.
d5 Bb7 11. e4 a6 12. a4 Ng4 13. h3 Nge5 14. Nd2 g5 15. Bg3 Ng6 16. Bg4 Nde5 17. Bf5 Bc8 18. Ne2 e6 19. Bxg6 Nxg6 20. f4 gxf4 21. Nxf4 Bxb2 22. Rb1 Bd4+ 23. Kh1 e5 24.
Nxg6 fxg6 25. Rxf8+ Kxf8 26. Qf3+ Kg7 27. Rf1 Qe7 28.
Qb3 Rb8 29. Nf3 Bd7 30. Nh2 b5 31. axb5 axb5 32. Ng4 b4 33. Nh2 Ra8 34. Rb1 Ra3 35. Qd1 Rxg3 0-1

[Event "***Titled Tuesday 3|2 Blitz"]
[Site "Chess.com"]
[Date "2017.02.07"]
[Round "9"]
[White "PelinGorki"]
[Black "RitvarsReimanis"]
[Result "1-0"]
[WhiteElo "2399"]
[BlackElo "2384"]
[TimeControl "180+2"]
[EndTime "15:12:33 PST"]
[Termination "PelinGorki won on time"]

1. e4 e6 2. d4 d5 3. Nc3 c6 4. g3 f5 5. exd5 exd5 6. Bg2 Nf6 7.
Nge2 Bd6 8. O-O O-O 9. Bf4 Ne4 10. f3 Nxc3 11. bxc3 b6 12. Re1 Ba6 13. Bxd6 Qxd6 14.
Nf4 Bc8 15. Qd2 Na6 16. Re5 Bd7 17. Rae1 Nc7 18. Nd3 Rae8 19. Qg5 Rxe5 20. Nxe5 Ne6 21. Qd2 Bc8 22. f4 Nc7 23. c4 Be6 24. c3 c5 25.
h4 dxc4 26. d5 Bxd5 27. Rd1 Rd8 28. Nxc4 Qg6 29. Kh2 Qe6 30. Ne3 g5 31. Nxd5 gxf4 32. Nf6+ Qxf6 33. Qxd8+ 1-0

[Event "***Titled Tuesday 3|2 Blitz"]
[Site "Chess.com"]
[Date "2017.02.07"]
[Round "9"]
[White "ER404"]
[Black "SCIM"]
[Result "0-1"]
[WhiteElo "2158"]
[BlackElo "2281"]
[TimeControl "180+2"]
[EndTime "15:12:39 PST"]
[Termination "SCIM won by checkmate"]

1. e4 c5 2. c3 Nf6 3. e5 Nd5 4.
Bc4 e6 5. Nf3 d6 6. d4 cxd4 7.
cxd4 Be7 8. O-O O-O 9. Qe2 b6 10. Nc3 Nxc3 11. bxc3 Bb7 12. Bf4 dxe5 13. Nxe5 Nd7 14.
Nxf7 Rxf7 15. Qxe6 Qe8 16. Rfe1 Kf8 17. Bd6 Nf6 18.
Qf5 Bxd6 19. Rxe8+ Rxe8 20. g4 Rfe7 21. g5 Re1+ 22. Rxe1 Rxe1+ 23. Bf1 Ba6 24. gxf6 Bxf1 25. Qc8+ Kf7 26. Qd7+ Be7 27. fxe7 Bh3# 0-1

[Event "***Titled Tuesday 3|2 Blitz"]
[Site "Chess.com"]
[Date "2017.02.07"]
[Round "9"]
[White "Shivagami"]
[Black "oggy1984"]
[Result "0-1"]
[WhiteElo "1973"]
[BlackElo "2287"]
[TimeControl "180+2"]
[EndTime "15:13:06 PST"]
[Termination "oggy1984 won by resignation"]

1. d4 Nf6 2. Bf4 e6 3. e3 d5 4. Nd2 c5 5. c3 Nc6 6. Ngf3 Bd6 7. Bg3 O-O 8. Bd3 b6 9. Ne5 Bb7 10. O-O Qc7 11. f4 Ne7 12. Qb1 Ng6 13.
e4 dxe4 14. Nxe4 Nxe4 15. Bxe4 Bxe4 16. Qxe4 Rac8 17. f5 exf5 18. Rxf5 cxd4 19. cxd4 Rfe8 20. Raf1 Bxe5 21. dxe5 Qc5+ 22. Kh1 Qc2 23. Qd5 Qxf5 0-1

[Event "***Titled Tuesday 3|2 Blitz"]
[Site "Chess.com"]
[Date "2017.02.07"]
[Round "9"]
[White "GMHess"]
[Black "Sven_Tica"]
[Result "0-1"]
[WhiteElo "2575"]
[BlackElo "2431"]
[TimeControl "180+2"]
[EndTime "15:13:08 PST"]
[Termination "Sven_Tica won by resignation"]

1. b3 c5 2. Bb2 Nc6 3. e3 d6 4. Bb5 Bd7 5. Nf3 e6 6. O-O Nf6 7. d4 cxd4 8. exd4 d5 9. c4 Be7 10.
Ne5 Nxe5 11. dxe5 Bxb5 12. cxb5 Nd7 13. Bd4 O-O 14. Nc3 Qa5 15. Qg4 Rac8 16. Nxd5 Bc5 17. Bxc5 Rxc5 18. b4 Qa4 19. Nf6+ Nxf6 20. exf6 g6 21.
Rfd1 Rxb5 22. Rd4 Rf5 23. Qh4 Rc8 24. g4 Rf3 25. g5 h5 26. gxh6 Kh7 27. Rad1 Rc7 28.
Rd8 Rf5 29. Rf8 Qxd1+ 0-1

[Event "***Titled Tuesday 3|2 Blitz"]
[Site "Chess.com"]
[Date "2017.02.07"]
[Round "9"]
[White "olgerts_indricans"]
[Black "salomez"]
[Result "1-0"]
[WhiteElo "2320"]
[BlackElo "2142"]
[TimeControl "180+2"]
[EndTime "15:13:14 PST"]
[Termination "olgerts_indricans won on time"]

1. e4 c5 2. Nf3 e6 3. b3 Nf6 4.
Bd3 d5 5. Nc3 d4 6. Ne2 Nc6 7.
Ng3 Bd6 8. O-O h5 9. Bb5 h4 10. e5 hxg3 11. fxg3 Be7 12. exf6 Bxf6 13. Bxc6+ bxc6 14.
d3 O-O 15. Qe2 Qd5 16. Nd2 Bg5 17. Ne4 Bxc1 18. Raxc1 f5 19. Nd2 e5 20. Rce1 Re8 21.
Qh5 Bd7 22. Nf3 e4 23. dxe4 fxe4 24. Ng5 Bf5 25. g4 1-0

[Event "***Titled Tuesday 3|2 Blitz"]
[Site "Chess.com"]
[Date "2017.02.07"]
[Round "9"]
[White "Robin-Side"]
[Black "PaulfromSPb"]
[Result "0-1"]
[WhiteElo "2377"]
[BlackElo "2456"]
[TimeControl "180+2"]
[EndTime "15:13:33 PST"]
[Termination "PaulfromSPb won by resignation"]

1. d4 Nf6 2. Nc3 d5 3. e4 dxe4 4.
f3 Bf5 5. fxe4 Nxe4 6. Qf3 Nxc3 7. bxc3 Bc8 8. Bc4 e6 9. Nh3 Be7 10.
O-O O-O 11. Bd3 f5 12. Bc4 Kh8 13. Bf4 c5 14. Rad1 Qb6 15. Rfe1 cxd4 16. cxd4 Nc6 17. c3 Bf6 18. Bxe6 Nxd4 19. cxd4 Bxe6 20. Be5 Bxe5 21. Rxe5 Bxa2 22. Rxf5 Rxf5 23. Qxf5 Be6 24. Qf3 Bxh3 25. Qxh3 a5 26. Qd3 a4 27. Qa3 h6 28.
Kh1 Qb5 29. d5 Qb3 30. Qa1 a3 31. d6 a2 32. d7 Rd8 33. h3 b5 34. Qd4 b4 35.
Kh2 Qb1 36. Qb6 Rxd7 37. Rxd7 a1=Q 38. Qd8+ Kh7 39. Qe7 Qg1+ 40. Kg3 Qae1+ 41. Kg4 Qxg2+ 0-1

[Event "***Titled Tuesday 3|2 Blitz"]
[Site "Chess.com"]
[Date "2017.02.07"]
[Round "9"]
[White "SavelijTartakover"]
[Black "Jospem"]
[Result "1-0"]
[WhiteElo "2553"]
[BlackElo "2522"]
[TimeControl "180+2"]
[EndTime "15:13:42 PST"]
[Termination "SavelijTartakover won on time"]

1. d4 f5 2. g3 Nf6 3. Bg2 g6 4. c3 Bg7 5. Qb3 e6 6. Nd2 Nc6 7. e4 fxe4 8. Nxe4 Nxe4 9. Bxe4 O-O 10. Ne2 Kh8 11. Bg2 d6 12. O-O e5 13. Be3 Qe8 14.
Rae1 Rb8 15. dxe5 dxe5 16. Bc5 Be6 17. Qc2 Rg8 18. f4 Bf5 19. Be4 Bh3 20. Rf2 exf4 21.
Nxf4 Bf5 22. Rfe2 Bxe4 23. Rxe4 Qf7 24. Ne6 Qf5 25. Qf2 Qxf2+ 26. Bxf2 Rbc8 27. Nxg7 Kxg7 28. b4 a6 29. a4 b5 30. Re6 Nb8 31. Bd4+ Kh6 32.
a5 1-0

[Event "***Titled Tuesday 3|2 Blitz"]
[Site "Chess.com"]
[Date "2017.02.07"]
[Round "9"]
[White "Generalas"]
[Black "latigre"]
[Result "1-0"]
[WhiteElo "2185"]
[BlackElo "1751"]
[TimeControl "180+2"]
[EndTime "15:13:51 PST"]
[Termination "Generalas won on time"]

1. e4 e5 2. Nf3 Nc6 3. Bc4 Bc5 4.
c3 Nf6 5. d3 d6 6. a4 a6 7. O-O O-O 8. b4 Ba7 9. Be3 Bb8 10. h3 Qe7 11. Qb3 Nd8 12. b5 axb5 13.
Bxb5 c6 14. Bc4 b5 15. Bxb5 cxb5 16. Qxb5 Ba6 17. Qb4 Bxd3 18. Rd1 Bxe4 19. Nbd2 Nd5 20. Qxe4 Nxc3 21. Qxa8 Nxd1 22. Rxd1 Bc7 23. Qd5 Ne6 24. a5 Nd4 25. Bxd4 exd4 26. Nxd4 Qf6 27. Nc4 Re8 28. a6 Bb8 29. Nc6 Bc7 30. a7 Qf4 31. Nb8 Bxb8 32.
a8=Q h6 33. g3 1-0

[Event "***Titled Tuesday 3|2 Blitz"]
[Site "Chess.com"]
[Date "2017.02.07"]
[Round "9"]
[White "jb2mix"]
[Black "GM_dmitrij"]
[Result "1-0"]
[WhiteElo "2405"]
[BlackElo "2449"]
[TimeControl "180+2"]
[EndTime "15:13:54 PST"]
[Termination "jb2mix won by resignation"]

1. d4 Nf6 2. c4 g6 3. Nc3 Bg7 4.
e4 O-O 5. Be2 d6 6. Be3 e5 7. d5 Na6 8. Qd2 Nc5 9. f3 a5 10. g4 c6 11. Nh3 cxd5 12. cxd5 Bd7 13. Nf2 a4 14. h4 Qa5 15. h5 b5 16. Bh6 b4 17. Ncd1 Bxh6 18. Qxh6 b3+ 19. Kf1 Bb5 20. Bxb5 Qxb5+ 21. Kg2 a3 22. axb3 a2 23. Ne3 Ncd7 24.
g5 Kh8 25. hxg6 fxg6 26. gxf6 Nxf6 27. Rxa2 Qd7 28. Rha1 Ng8 29. Rxa8 Nxh6 30. Rxf8+ Kg7 31. Rfa8 Nf7 32. R1a7 Qb5 33. Nc4 1-0

[Event "***Titled Tuesday 3|2 Blitz"]
[Site "Chess.com"]
[Date "2017.02.07"]
[Round "9"]
[White "aa175"]
[Black "Wolverine_master"]
[Result "0-1"]
[WhiteElo "1906"]
[BlackElo "1980"]
[TimeControl "180+2"]
[EndTime "15:13:56 PST"]
[Termination "Wolverine_master won by checkmate"]

1. e4 c5 2. Nf3 d6 3. d4 cxd4 4.
Nxd4 Nf6 5. Nc3 a6 6. Be3 e5 7.
Nb3 Be7 8. Be2 O-O 9. Qd2 Be6 10. O-O-O Qc7 11. f3 Rc8 12. g4 d5 13. exd5 Nxd5 14. Nxd5 Bxd5 15. Kb1 a5 16. Qxd5 Qxc2+ 17. Ka1 Qxe2 18.
Qxb7 Nc6 19. Rc1 Qxe3 20. Rxc6 Re8 21. Rhc1 Qxf3 22. Qd7 a4 23. Rc8 Raxc8 24. Rxc8 Rxc8 25. Qxc8+ Bf8 26. Nc1 e4 27. Qc4 a3 28. bxa3 Bxa3 29.
Qb3 Bf8 30. Qxf3 exf3 31. Nd3 Bc5 32. a4 f2 33. Nxf2 Bxf2 34. a5 f6 35. Kb2 Kf7 36. Kc3 Kg6 37. Kd2 Kg5 38. Ke2 Ba7 39. Kf3 Kh4 40.
a6 Kh3 41. Kf4 Kxh2 42. g5 fxg5+ 43. Kxg5 Kg3 44. Kh5 Kf4 45. Kh4 g6 46. Kh3 g5 47.
Kh2 h5 48. Kh3 g4+ 49. Kh4 g3 50. Kh3 Kf3 51. Kh4 g2 52. Kxh5 g1=Q 53. Kh6 Kf4 54. Kh7 Kf5 55. Kh8 Kf6 56. Kh7 Qg7# 0-1

[Event "***Titled Tuesday 3|2 Blitz"]
[Site "Chess.com"]
[Date "2017.02.07"]
[Round "9"]
[White "Cecile_Haussernot"]
[Black "NoWuss2"]
[Result "1-0"]
[WhiteElo "2258"]
[BlackElo "2035"]
[TimeControl "180+2"]
[EndTime "15:13:56 PST"]
[Termination "Cecile_Haussernot won by resignation"]

1. e4 Nc6 2. Nf3 d6 3. d4 Nf6 4. Nc3 g6 5. Bd3 Bg7 6. h3 O-O 7. Be3 a6 8. O-O Nb4 9. Be2 d5 10. e5 Ne4 11. Nxe4 dxe4 12. Nd2 Bf5 13. g4 Bc8 14.
Nxe4 Nd5 15. Qd2 Nxe3 16. Qxe3 b6 17. Bf3 Rb8 18. c4 h6 19. Bg2 Bb7 20. f4 f5 21. Ng3 Bxg2 22. Kxg2 e6 23. Rad1 b5 24. d5 bxc4 25. dxe6 Rxb2+ 26. Kg1 Qa8 27. Rd2 Rxd2 28.
Qxd2 Rd8 29. Qe3 Rd3 30. Qf2 Qd5 31. e7 Kf7 32. gxf5 Rd2 33. fxg6+ Kxe7 34. Nf5+ Kf8 35. Qg3 Qc5+ 36. Rf2 c3 37. Ne3 c2 38. Nxc2 Qxc2 39. Qa3+ Kg8 40. Rxd2 Qxd2 41. Qb3+ Kh8 42. Qb8+ 1-0

[Event "***Titled Tuesday 3|2 Blitz"]
[Site "Chess.com"]
[Date "2017.02.07"]
[Round "9"]
[White "Grebeniuk-S"]
[Black "Vrolijk"]
[Result "1-0"]
[WhiteElo "2432"]
[BlackElo "2297"]
[TimeControl "180+2"]
[EndTime "15:14:02 PST"]
[Termination "Grebeniuk-S won by resignation"]

1. d4 Nf6 2. Nf3 g6 3. Bg5 Bg7 4. Nbd2 d5 5. e3 O-O 6. c4 c6 7. cxd5 cxd5 8. Bd3 Nc6 9. O-O b6 10. Rc1 Nb4 11. Bb1 Ba6 12. Re1 Nd3 13. Bxd3 Bxd3 14. Ne5 Bb5 15. Qb3 Qe8 16. Bxf6 exf6 17. Nef3 Rd8 18.
Rc7 a6 19. Rec1 Rd6 20. Qb4 Re6 21. b3 Bh6 22. a4 Be2 23. Re1 Bd3 24. Qc3 Be4 25.
Nxe4 dxe4 26. Nd2 f5 27. g3 g5 28. Nc4 f4 29. Ne5 Bg7 30. Nd7 fxg3 31. fxg3 h5 32. Nxf8 Bxf8 33. Rf1 h4 34. Rfxf7 hxg3 35. hxg3 Qxf7 36. Rxf7 Kxf7 37. Qc7+ Be7 38. Qb7 a5 39. Kg2 g4 40. Qd5 Kf6 41. Qh5 Bb4 42. Qxg4 Ke7 43. d5 Re5 44. Qg8 Kd6 45. Qd8+ Kc5 46. d6 1-0

[Event "***Titled Tuesday 3|2 Blitz"]
[Site "Chess.com"]
[Date "2017.02.07"]
[Round "9"]
[White "AndrewDGreen"]
[Black "popov_m"]
[Result "0-1"]
[WhiteElo "2172"]
[BlackElo "2357"]
[TimeControl "180+2"]
[EndTime "15:14:10 PST"]
[Termination "popov_m won by resignation"]

1. d4 Nf6 2. Nf3 g6 3. Nc3 Bg7 4. e4 d6 5. Be3 a6 6. Qd2 b5 7.
Bh6 O-O 8. Bxg7 Kxg7 9. Bd3 Bb7 10. h4 h5 11. e5 Ng4 12. Qg5 e6 13. Qf4 b4 14.
Ne4 Bxe4 15. Bxe4 d5 16. Bd3 Nd7 17. Ng5 c5 18. c3 c4 19. Bc2 Qa5 20. Qg3 bxc3 21.
bxc3 Rab8 22. O-O Rb2 23. Rac1 Qxa2 24. Bb1 Qa3 25. f3 Ne3 26. Nxe6+ Kg8 27. Rf2 Rxf2 28. Kxf2 Qxc1 29. Bxg6 Ng4+ 30. fxg4 fxe6+ 31. Bf5 Qh6 32. Kg1 exf5 33. gxf5+ Kh8 34. f6 Nxf6 35. exf6 Qxf6 36.
Qc7 Qf1+ 0-1

[Event "***Titled Tuesday 3|2 Blitz"]
[Site "Chess.com"]
[Date "2017.02.07"]
[Round "9"]
[White "ChristopherYoo"]
[Black "proxy6"]
[Result "1-0"]
[WhiteElo "2119"]
[BlackElo "2089"]
[TimeControl "180+2"]
[EndTime "15:14:13 PST"]
[Termination "ChristopherYoo won by resignation"]

1. e4 e5 2. Nf3 Nc6 3. Bb5 a6 4.
Ba4 Nf6 5. O-O Be7 6. Re1 b5 7. Bb3 d6 8. c3 O-O 9. h3 Nb8 10.
d4 Nbd7 11. Nbd2 Bb7 12. Bc2 Re8 13. Nf1 Bf8 14. Ng3 g6 15. Bg5 Bg7 16. Qd2 c6 17. Bh6 Bh8 18. Nf5 Qc7 19. Bb3 Rad8 20. Rad1 d5 21. dxe5 Nxe5 22. Nxe5 Qxe5 23. Bf4 Qe6 24.
Nh6+ Kf8 25. exd5 Qc8 26. Rxe8+ Nxe8 27. d6 Rd7 28. Qe3 Qd8 29. Nxf7 Rxf7 30. Bxf7 Kxf7 31. d7 Nf6 32. Bc7 Qxd7 33. Rxd7+ Nxd7 34. Qa7 Bc8 35.
Qa8 1-0

[Event "***Titled Tuesday 3|2 Blitz"]
[Site "Chess.com"]
[Date "2017.02.07"]
[Round "9"]
[White "MagnusCarlsen"]
[Black "ShimanovAlex"]
[Result "1-0"]
[WhiteElo "2962"]
[BlackElo "2664"]
[TimeControl "180+2"]
[EndTime "15:14:51 PST"]
[Termination "MagnusCarlsen won by resignation"]

1. d4 d5 2. Bf4 c5 3. e3 Nc6 4. c3 Nf6 5. Nd2 Bg4 6. Qb3 Qd7 7. Ngf3 c4 8. Qd1 e6 9. Be2 Bf5 10. O-O Bd6 11. Bxd6 Qxd6 12. b3 b5 13. a4 b4 14.
Qc1 cxb3 15. Nxb3 O-O 16. Nc5 Rab8 17. Bb5 Ne4 18. Nxe4 Bxe4 19. Bxc6 b3 20. Bb5 a6 21.
Nd2 axb5 22. Nxb3 bxa4 23. Nc5 Rfc8 24. Rxa4 Rb1 25. Qd2 Rxf1+ 26. Kxf1 Qb6 27. Rb4 Qa7 28. Qb2 Bg6 29. h3 h6 30. Kg1 Qe7 31. Rb7 Qg5 32. Rb8 Qd8 33. Rb7 Qg5 34. Kh2 Qf5 35. Rb8 Rxb8 36.
Qxb8+ Kh7 37. Nd7 h5 38. Nf8+ Kh6 39. Qg3 Bh7 40. h4 Bg8 41. f3 f6 42. c4 g5 43. c5 gxh4 44. Qxh4 e5 45. c6 Be6 46. g4 Qc2+ 47. Kg3 Bc8 48. Qxf6+ 1-0

[Event "***Titled Tuesday 3|2 Blitz"]
[Site "Chess.com"]
[Date "2017.02.07"]
[Round "9"]
[White "Angry_Serb"]
[Black "kleinebeer98"]
[Result "0-1"]
[WhiteElo "2415"]
[BlackElo "2484"]
[TimeControl "180+2"]
[EndTime "15:14:51 PST"]
[Termination "kleinebeer98 won by resignation"]

1. d4 Nf6 2. Nc3 d5 3. Bf4 Bf5 4. f3 h6 5. Qd2 e6 6. g4 Bh7 7. e3 Bd6 8. Bd3 Bxd3 9. Qxd3 Bxf4 10. exf4 Nc6 11. O-O-O Qd6 12. Nge2 O-O-O 13. a3 Ne7 14. Qe3 a6 15. Kb1 Kb8 16. Nc1 Nd7 17. Nd3 Rhe8 18. Ne5 Nxe5 19. fxe5 Qb6 20. f4 Rc8 21. Rhf1 Qa5 22. f5 c5 23. f6 cxd4 24. Rxd4 gxf6 25. Rxf6 Nc6 26. Rd1 d4 27. Rxd4 Nxd4 28. Qxd4 Red8 29. Qe3 Rd7 30. Rxh6 Rdc7 31. Rh3 Rxc3 32. bxc3 Qxa3 33. Qc1 Qa5 34. Rf3 Rc6 35. c4 Rxc4 36. Rb3 Ra4 37. Qe3 Rxg4 38. Kb2 Rc4 39. Qe2 Qc5 40. h3 Qd4+ 41. Kb1 Ra4 42. Rb2 Qg1+ 0-1